 Dungeon Crawl Stone Soup version 0.14.0-17-gc0b17a5 (webtiles) character file.

86427 Qrupt the Severer (level 15, -3/141 (144) HPs)
             Began as a Hill Orc Fighter on Apr 18, 2014.
             Was the Champion of Nemelex Xobeh.
             Engulfed by a cloud of foul pestilence (7 damage)
             ... on Level 1 of the Abyss on Apr 19, 2014.
             The game lasted 02:34:44 (43221 turns).

Qrupt the Severer (Hill Orc Fighter)               Turns: 43221, Time: 02:34:45

HP  -3/141 (144) AC 19     Str 26      XL: 15   Next: 82%
MP  30/31        EV  8     Int  8      God: Nemelex Xobeh [******]
Gold 1466        SH  0     Dex 10      Spells:  0 memorised, 14 levels left

rFire  + . .     SeeInvis +     x - +4,+7 broad axe of Profit {flame, +Fly rC+ SInv}
rCold  + + +     Clarity  .     i - +0 plate armour
rNeg   . . .     Conserve +     (no shield)
rPois  .         rCorr    .     u - +0 helmet
rElec  .         rRot     .     J - +0 cloak
SustAb . .       Spirit   .     (no gloves)
rMut   .         Warding  .     w - -2 pair of boots
Saprov + . .     Stasis   .     g - amulet of conservation
MR     +....                    D - ring of protection from fire
                                Z - ring of Xunivon {Hunger- rC++}

@: lethally poisoned, somewhat resistant to hostile enchantments, extremely
unstealthy
A: saprovore 1
a: Draw One, Peek at Two, Triple Draw, Deal Four, Stack Five, Renounce Religion,
Evoke Flight


You were on level 1 of the Abyss.
You worshipped Nemelex Xobeh.
Nemelex Xobeh was exalted by your worship.
You were very hungry.

You visited 3 branches of the dungeon, and saw 27 of its levels.
You visited the Abyss 1 time.

You collected 2596 gold pieces.
You spent 1130 gold pieces at shops.

Inventory:

Hand weapons
 x - the +4,+7 broad axe of Profit (weapon) {flame, +Fly rC+ SInv}
   (You bought it in a shop on level 4 of the Orcish Mines)

   It emits flame when wielded, causing extra injury to most foes and up to
   double damage against particularly susceptible opponents.
   Big, fiery blades are also staple armaments of hydra-hunters.
   It protects you from cold.
   It enhances your eyesight.
   It lets you fly.
Armour
 i - a +0 plate armour (worn)
 u - a +0 helmet (worn)
 w - a -2 pair of boots (worn)
 J - a +0 cloak (worn)
Magical devices
 b - a wand of enslavement (10)
 y - a wand of hasting (3)
 A - a wand of lightning (4)
 G - a wand of disintegration (5)
 Q - a wand of flame (19)
 V - a wand of draining (9)
Comestibles
 d - 8 meat rations
 j - 7 apples
 n - 12 bread rations
 s - 16 sultanas
Scrolls
 f - 2 scrolls of identify
 h - 3 scrolls of blinking
 k - 3 scrolls of fear
 m - 3 scrolls of magic mapping
 q - 8 scrolls of remove curse
 z - 2 scrolls of enchant weapon II
 B - a scroll of enchant weapon I
 E - 4 scrolls of fog
 P - a scroll of holy word
Jewellery
 a - an uncursed ring of protection from magic
 g - an amulet of conservation (around neck)
 o - an uncursed amulet of rage
 D - a ring of protection from fire (right hand)
 I - a +5 ring of evasion
 N - an uncursed ring of protection from magic
 R - an uncursed ring of teleportation
 X - a +3,+3 ring of slaying
 Z - the ring of Xunivon (left hand) {Hunger- rC++}
   (You found it on level 1 of the Lair of Beasts)

   [ring of sustenance]

   It greatly protects you from cold.
Potions
 p - 2 potions of restore abilities
 F - a potion of brilliance
 S - a potion of flight
 W - a potion of berserk rage
Books
 Y - a book of Flames

   Spells                             Type                      Level
   Flame Tongue                       Conjuration/Fire             1
   Throw Flame                        Conjuration/Fire             2
   Conjure Flame                      Conjuration/Fire             3
   Inner Flame                        Hexes/Fire                   3
   Sticky Flame                       Conjuration/Fire             4
   Fireball                           Conjuration/Fire             5
Miscellaneous
 c - an ornate deck of escape {drawn: 1}
 e - an ornate deck of destruction
 v - an ornate deck of escape {drawn: 1}
 H - an ornate deck of destruction
 K - a disc of storms
 M - an ornate deck of summonings {drawn: 9}
 O - a lamp of fire
 T - a legendary deck of summonings {drawn: 3}
 U - a lamp of fire


   Skills:
 + Level 16.1 Fighting
 + Level 17.7 Axes
 + Level 15.1 Armour
   Level 3.2 Shields
 + Level 14.2 Evocations


You had 14 spell levels left.
You didn't know any spells.

Dungeon Overview and Level Annotations

Branches:
Dungeon (15/15)            Temple (0/1) D:4             Orc (4/4) D:9
    Elf (0/3) Orc:4          Lair (8/8) D:8           Swamp (0/5) Lair:6
  Snake (0/5) Lair:3        Slime (0/6) Lair:8       Vaults (0/5) D:14
 Depths (0/5) D:15

Altars:
Cheibriados
Fedhas
Makhleb
Nemelex Xobeh
Okawaru
Trog
Xom

Shops:
Orc:1 :   Orc:4 *(=}

Annotations:
D:8 mk83's ghost, experienced TrHu
D:15 Louise


Innate Abilities, Weirdness & Mutations

You can tolerate rotten meat.


Message History

Your bone dragon closely misses the death drake.
Your bone dragon claws the death drake!
Your bone dragon tramples the death drake but does no damage.
The death drake barely misses your bone dragon.
You hit the death drake. You burn the death drake.
The death drake is severely wounded.
You are engulfed in dark miasma.
You are more poisoned.
* * * LOW HITPOINT WARNING * * *
x2 You feel very sick.
Your bone dragon closely misses the death drake.
Your bone dragon claws the death drake!
Your bone dragon tramples the death drake.
The death drake stumbles backwards!
The death drake bites your bone dragon.
You slice the death drake!! You burn the death drake.
You kill the death drake!
You are engulfed in dark miasma.
You are more poisoned.
You die...
Your body glows with a rainbow of weird colours and disappears.

... #...
.##..#.# #
#...... ..
. ..#.#.
.#. #..§ .
#.§§####_##
#..#§§§.#.#
#§§@#§#..#
##.§D%..#
#...##### #
...###
#..##. ...
.# # #. ##


You could see a friendly bone dragon.

Vanquished Creatures
  A grey draconian (shapeshifter) (D:15)
  A fire dragon (D:15)
  A yaktaur captain (D:15)
  2 hydras
  An ogre mage (D:15)
  Erica (Lair:2)
  3 orc high priests (Orc:4)
  4 death yaks (Lair:8)
  A thrashing horror (Abyss:1)
  3 centaur warriors
  A shadow wraith (Abyss:1)
  A death drake (Abyss:1)
  2 unseen horrors
  2 large abominations (Abyss:1)
  4 orc knights (Orc:4)
  An orc sorcerer (Orc:4)
  3 hill giants
  A wizard (D:14)
  5 cyclopes
  A necromancer (D:14)
  2 manticores
  8 black mambas
  10 elephants
  3 gargoyles
  An orange demon (Orc:4)
  A feature mimic (Lair:2)
  Psyche (D:7)
  9 spiny frogs
  5 komodo dragons
  5 kobold demonologists
  A spriggan druid (Lair:8)
  An ancient zyme (Abyss:1)
  3 giant fireflies (Lair:8)
  A polar bear (Lair:8)
  5 trolls
  A hydra skeleton (D:15)
  9 slime creatures (D:12)
  3 ravens (D:15)
  18 blink frogs
  2 boulder beetles
  A trapdoor spider (D:14)
  2 shadows
  3 wyverns
  3 starcursed masses (Abyss:1)
  A two-headed ogre (D:15)
  2 vampires
  A basilisk (D:13)
  4 hungry ghosts
  5 grizzly bears
  29 yaks
  A ynoxinul (Abyss:1)
  7 sharks
  A wraith (D:10)
  A water elemental (D:13)
  Eustachio (D:8)
  A chaos spawn (Abyss:1)
  24 wolves
  A hill giant skeleton (D:12)
  11 hippogriffs
  8 ugly things
  7 spriggans
  Edmund (D:8)
  3 nagas (Lair:3)
  14 water moccasins
  5 vampire mosquitoes (Lair:6)
  3 mottled dragons
  3 necrophages
  3 small abominations (Abyss:1)
  2 ice beasts
  11 porcupines
  7 giant goldfish
  13 ogres
  5 phantoms
  8 black bears
  2 yellow wasps (D:13)
  20 orc warriors
  14 centaurs
  A big kobold (D:14)
  3 sky beasts
  Duvessa (D:8)
  14 crocodiles
  16 giant frogs
  2 lava worms (D:12)
  7 giant slugs
  A wyvern zombie (D:13)
  A cyclops zombie (D:13)
  3 scorpions
  A yak skeleton (Orc:4)
  8 electric eels
  20 killer bees
  6 wights
  2 quasits
  Dowan (D:8)
  2 goliath beetles
  2 big fish (Lair:8)
  A lava snake (D:12)
  2 centaur zombies
  8 crimson imps
  4 giant frog zombies
  A jelly (D:5)
  11 hounds
  A two-headed ogre skeleton (D:10)
  10 iguanas
  A black bear skeleton (D:5)
  27 orc priests
  5 worker ants
  2 giant frog skeletons
  38 orc wizards
  Natasha (twice) (D:5)
  24 sheep
  Ijyb (D:3)
  6 ogre zombies (D:9)
  A crocodile skeleton (D:6)
  A mummy (D:7)
  8 gnolls
  86 green rats
  28 adders
  An inept feature mimic (D:10)
  5 shadow imps
  4 giant mites
  An inept item mimic (D:5)
  A white imp (Abyss:1)
  5 worms
  An ufetubus (D:14)
  6 giant geckos
  3 oozes
  183 orcs
  A giant cockroach (D:2)
  13 hobgoblins
  34 jackals
  20 quokkas
  4 ball pythons
  32 bats
  10 giant newts
  13 goblins
  A goblin zombie (D:9)
  3 hobgoblin zombies (D:9)
  21 kobolds
  A kobold zombie (D:8)
  5 orc skeletons
  13 orc zombies
  2 quokka skeletons
  A quokka zombie (D:10)
  22 rats
  7 rat skeletons
  3 ballistomycetes
  10 fungi
  15 plants
1156 creatures vanquished.

Vanquished Creatures (collateral kills)
  Frances (D:14)
  Gastronok (Lair:1)
  Snorg (Orc:2)
  2 hydras
  A death yak (Lair:8)
  2 orc sorcerers (Orc:4)
  A hill giant (D:9)
  2 red wasps (Orc:2)
  A griffon (D:14)
  A spiny frog (Lair:8)
  A spriggan druid (Lair:8)
  A two-headed ogre (D:14)
  A grizzly bear (Lair:8)
  3 blink frogs (Lair:3)
  2 spriggans (Lair:8)
  3 yaks
  A wolf (Lair:8)
  3 necrophages (Lair:3)
  An orc warrior (Orc:4)
  A porcupine (Lair:3)
  A black bear (Lair:8)
  2 ogres
  A crocodile (Lair:8)
  A jelly (Lair:8)
  A crimson imp (D:14)
  An adder (Lair:8)
  A green rat (Lair:3)
  2 orcs (Orc:2)
40 creatures vanquished.

Vanquished Creatures (others)
  2 red wasps (Orc:2)
  A hellion (D:14)
  2 orc wizards
  An adder (D:11)
  2 giant spores
  A rat skeleton (D:5)
  2 butterflies (Lair:1)
  14 fungi
  11 plants
36 creatures vanquished.

Grand Total: 1232 creatures vanquished

Notes
Turn   | Place    | Note
--------------------------------------------------------------
     0 | D:1      | Qrupt, the Hill Orc Fighter, began the quest for the Orb.
     0 | D:1      | Reached XP level 1. HP: 19/19 MP: 1/1
   115 | D:1      | Reached XP level 2. HP: 27/27 MP: 2/2
   731 | D:1      | Reached skill level 4 in Fighting
   766 | D:2      | Reached XP level 3. HP: 29/33 MP: 3/3
  1091 | D:2      | Reached XP level 4. HP: 37/40 MP: 4/4
  1410 | D:3      | Noticed Ijyb
  1422 | D:3      | Killed Ijyb
  1755 | D:3      | Reached XP level 5. HP: 43/47 MP: 5/5
  1810 | D:3      | Found a snail-covered altar of Cheibriados.
  1810 | D:3      | Found a shimmering altar of Xom.
  2133 | D:3      | Found a sparkling altar of Nemelex Xobeh.
  2146 | D:3      | Became a worshipper of Nemelex Xobeh the Trickster
  2362 | D:3      | Received a gift from Nemelex Xobeh
  2733 | D:4      | Reached skill level 5 in Axes
  2945 | D:4      | Acquired Nemelex Xobeh's first power
  2995 | D:4      | Reached skill level 5 in Fighting
  3005 | D:4      | Noticed an ogre
  3015 | D:4      | Killed an ogre
  3015 | D:4      | Reached XP level 6. HP: 56/56 MP: 3/6
  3116 | D:4      | Reached skill level 5 in Armour
  3130 | D:4      | Found a staircase to the Ecumenical Temple.
  3144 | D:5      | Entered Level 5 of the Dungeon
  3464 | D:5      | Reached skill level 6 in Axes
  3516 | D:5      | Reached XP level 7. HP: 60/62 MP: 7/7
  3535 | D:5      | Noticed a yak
  3947 | D:4      | Found a blossoming altar of Fedhas.
  3947 | D:4      | Noticed a centaur
  3959 | D:4      | Killed a centaur
  3965 | D:4      | Reached skill level 1 in Evocations
  4248 | D:4      | Reached skill level 7 in Axes
  4261 | D:4      | Reached XP level 8. HP: 37/71 MP: 8/10
  4279 | D:4      | Acquired Nemelex Xobeh's second power
  4688 | D:4      | Received a gift from Nemelex Xobeh
  5568 | D:5      | Noticed Natasha
  5575 | D:5      | Killed Natasha
  5736 | D:5      | Noticed Natasha
  5743 | D:5      | Killed Natasha
  5743 | D:5      | Reached skill level 8 in Axes
  6281 | D:6      | Acquired Nemelex Xobeh's third power
  6719 | D:6      | Received a gift from Nemelex Xobeh
  6945 | D:7      | Reached XP level 9. HP: 75/81 MP: 15/15
  7430 | D:7      | Found an iron altar of Okawaru.
  7440 | D:7      | Found a bloodstained altar of Trog.
  7859 | D:7      | Reached skill level 9 in Axes
  7959 | D:8      | Noticed Edmund
  8049 | D:8      | Reached skill level 5 in Evocations
  8315 | D:8      | Killed Edmund
  8656 | D:8      | Noticed Eustachio
  8676 | D:8      | Killed Eustachio
  8697 | D:8      | Noticed mk83's ghost (experienced TrHu)
  8849 | D:8      | Found a staircase to the Lair.
  8876 | D:8      | Noticed Psyche
  8897 | D:8      | Reached XP level 10. HP: 76/91 MP: 19/19
  8901 | D:7      | Reached skill level 10 in Axes
  8901 | D:7      | Killed Psyche
  9561 | D:8      | Noticed Dowan
  9562 | D:8      | Noticed Duvessa
 10511 | D:8      | Killed Duvessa
 10514 | D:8      | Killed Dowan
 10643 | D:8      | Reached skill level 10 in Fighting
 10955 | D:9      | Received a gift from Nemelex Xobeh
 10979 | D:9      | Found a staircase to the Orcish Mines.
 11442 | D:9      | Reached skill level 11 in Axes
 11737 | D:9      | Acquired Nemelex Xobeh's fourth power
 11898 | D:9      | Received a gift from Nemelex Xobeh
 11927 | D:9      | Found a burning altar of Makhleb.
 11977 | D:9      | Noticed a hill giant
 11982 | D:9      | Killed a hill giant
 12127 | D:9      | Reached XP level 11. HP: 47/101 MP: 22/22
 12156 | D:9      | Acquired Nemelex Xobeh's fifth power
 12693 | D:10     | Entered Level 10 of the Dungeon
 13097 | D:10     | Reached skill level 10 in Armour
 14337 | Lair:1   | Entered Level 1 of the Lair of Beasts
 14381 | Lair:1   | Identified the Incunabulum of Curses
 15158 | Lair:1   | Noticed Gastronok
 15193 | Lair:1   | Killed Gastronok
 15193 | Lair:1   | Reached skill level 12 in Axes
 15214 | Lair:1   | Got a brightly glowing bone ring
 15216 | Lair:1   | Identified the cursed ring of Xunivon {Hunger- rC++} (You found it on level 1 of the Lair of Beasts)
 15559 | Lair:2   | Received a gift from Nemelex Xobeh
 16780 | Lair:2   | Noticed an eight-headed hydra
 16919 | Lair:2   | Killed an eight-headed hydra
 16969 | Lair:2   | Noticed Erica
 16979 | Lair:2   | Killed Erica
 16979 | Lair:2   | Reached XP level 12. HP: 44/111 MP: 25/25
 17748 | Lair:2   | Reached skill level 13 in Axes
 18208 | Lair:3   | Received a gift from Nemelex Xobeh
 18210 | Lair:3   | Reached skill level 10 in Evocations
 18356 | Lair:3   | Got a dazzling chain mail
 18376 | Lair:3   | Identified the cursed -3 chain mail "Schisoschitt" {Str+4} (You found it on level 3 of the Lair of Beasts)
 18474 | Lair:3   | Found a staircase to the Snake Pit.
 19309 | Lair:3   | Received a gift from Nemelex Xobeh
 19764 | Lair:4   | Received a gift from Nemelex Xobeh
 20018 | Lair:4   | Noticed an eight-headed hydra
 20024 | Lair:4   | Killed a seven-headed hydra
 21166 | Lair:5   | Reached skill level 14 in Axes
 21396 | Lair:5   | Reached XP level 13. HP: 63/119 MP: 27/27
 23279 | Lair:6   | Received a gift from Nemelex Xobeh
 24360 | Lair:6   | Found a staircase to the Swamp.
 24403 | Lair:6   | Reached skill level 15 in Axes
 26553 | Lair:8   | Entered Level 8 of the Lair of Beasts
 27094 | Lair:8   | Reached XP level 14. HP: 97/132 MP: 29/29
 27733 | Lair:8   | Received a gift from Nemelex Xobeh
 28282 | Lair:8   | Found a staircase to the Slime Pits.
 28308 | Lair:8   | HP: 2/133 [water moccasin (6)]
 28521 | Lair:8   | HP: 4/133 [wolf (7)]
 29156 | Lair:8   | Reached skill level 16 in Axes
 30053 | Lair:8   | Noticed an acid blob
 30775 | Orc:1    | Entered Level 1 of the Orcish Mines
 30991 | Orc:1    | Found Ifaabb's Book Boutique.
 31327 | Orc:2    | Received a gift from Nemelex Xobeh
 31352 | Orc:2    | Noticed Snorg
 31363 | Orc:2    | Paralysed by a red wasp for 2 turns
 31367 | Orc:2    | Killed Snorg
 31754 | Orc:2    | Received a gift from Nemelex Xobeh
 32310 | Orc:3    | Received a gift from Nemelex Xobeh
 32453 | Orc:3    | Found a bloodstained altar of Trog.
 32678 | Orc:4    | Entered Level 4 of the Orcish Mines
 32757 | Orc:4    | Found a staircase to the Elven Halls.
 33572 | Orc:4    | Received a gift from Nemelex Xobeh
 34711 | Orc:4    | Reached skill level 15 in Fighting
 35144 | Orc:4    | Found Imine's Weapon Emporium.
 35144 | Orc:4    | Found Maar's General Store.
 35145 | Orc:4    | Found Riedep's Gadget Emporium.
 35146 | Orc:4    | Found Qairchao's Jewellery Boutique.
 35162 | Orc:4    | Bought the +4,+7 broad axe of Profit {flame, +Fly rC+ SInv} for 1130 gold pieces
 35430 | Orc:4    | Found an iron altar of Okawaru.
 36076 | D:11     | Received a gift from Nemelex Xobeh
 37346 | D:12     | Reached XP level 15. HP: 109/141 MP: 30/30
 38593 | D:13     | Received a gift from Nemelex Xobeh
 38770 | D:13     | Reached skill level 17 in Axes
 39947 | D:14     | Received a gift from Nemelex Xobeh
 39954 | D:14     | HP: 4/141 [manticore (4)]
 40591 | D:14     | Noticed Frances
 40598 | D:14     | Killed Frances
 40867 | D:14     | Received a gift from Nemelex Xobeh
 41281 | D:14     | Found a gate to the Vaults.
 41428 | D:15     | Entered Level 15 of the Dungeon
 41923 | D:15     | Reached skill level 15 in Armour
 42332 | D:15     | Found a staircase to the Depths.
 42634 | D:15     | Noticed Louise
 42727 | D:15     | Cast into the Abyss (Louise)
 42729 | Abyss:1  | Found a corrupted altar of Lugonu.
 42974 | Abyss:1  | Found a corrupted altar of Lugonu.
 43051 | Abyss:1  | HP: 7/144 [starcursed mass/accursed screaming (8)]
 43114 | Abyss:1  | Found a corrupted altar of Lugonu.
 43220 | Abyss:1  | HP: 4/141 [poisoned by a death drake (dark miasma)]
 43221 | Abyss:1  | Engulfed by a cloud of foul pestilence

Action                   |  1- 3 |  4- 6 |  7- 9 | 10-12 | 13-15 || total
-------------------------+-------+-------+-------+-------+-------++-------
Melee: War axe           |   112 |   239 |   509 |    76 |     4 ||   940
       Battleaxe         |       |       |       |  1167 |  1222 ||  2389
       Broad axe         |       |       |       |       |   562 ||   562
Invok: Draw One          |       |     1 |    12 |    20 |    17 ||    50
       Peek at Two       |       |       |       |       |     1 ||     1
Evoke: Wand              |       |       |       |     5 |     3 ||     8
  Use: Scroll            |       |     1 |       |    22 |    20 ||    43
       Potion            |       |       |     4 |     5 |    16 ||    25
 Stab: Distracted        |       |       |       |       |     2 ||     2
       Fleeing           |       |       |       |       |     2 ||     2
